 Dungeon Sprint DCSS version 0.22.1-1-ga44c0e56f4 (webtiles) character file.

1103 MuseOD the Arsonist (level 8, -8/57 HPs)
             Began as a Hill Orc Fire Elementalist on Oct 3, 2018.
             Was a Believer of Beogh.
             Mangled by Snorg (11 damage)
             ... in the Dungeon (Sprint III: "The Ten Rune Challenge").
             The game lasted 00:05:17 (1622 turns).

MuseOD the Arsonist (Hill Orc Fire Elementalist)    Turns: 1622, Time: 00:05:17

Health: -8/57      AC:  2    Str: 11    XL:     8   Next: 32%
Magic:  6/21       EV: 12    Int: 19    God:    Beogh [**....]
Gold:   24         SH:  0    Dex: 11    Spells: 7/25 levels left

rFire    + . .     SeeInvis .   (no weapon)
rCold    . . .     Gourm    .   (no shield)
rNeg     . . .     Faith    .   a - +0 robe
rPois    .         Spirit   .   (no helmet)
rElec    .         Reflect  .   (no cloak)
rCorr    .         Harm     .   (no gloves)
MR       .....     NoTele   +   (no boots)
Stlth    ++........             (no amulet)
HPRegen  0.19/turn              (no ring)
MPRegen  0.17/turn              (no ring)

@: very slightly contaminated
A: clever 1, fire resistance 1, wild magic 2
a: Smiting, Renounce Religion


You were in the Dungeon.
You worshipped Beogh.
Beogh was pleased with you.
You were very hungry.

You visited 1 branch You collected 24 gold pieces.

Inventory:

Armour
 a - a +0 robe (worn)
Scrolls
 b - 2 scrolls of enchant weapon {unknown}
 d - a scroll of immolation {unknown}
 i - a scroll of blinking
 j - 3 scrolls of identify
 k - 3 scrolls of remove curse
 m - a scroll of holy word {unknown}
Potions
 e - a potion of heal wounds
 f - a potion of haste
 g - 2 potions of magic
 h - a potion of berserk rage
 l - 3 potions of flight
 n - 5 potions of mutation
Comestibles
 c - 5 rations


   Skills:
 - Level 2.0 Dodging
 - Level 2.1 Stealth
 + Level 9.2 Spellcasting
 + Level 9.4 Conjurations
 + Level 10.7 Fire Magic


You had 7 spell levels left.
You knew the following spells:

 Your Spells              Type           Power        Failure   Level  Hunger
a - Flame Tongue          Conj/Fire      #####        1%          1    None
b - Throw Flame           Conj/Fire      ######       1%          2    None
c - Conjure Flame         Conj/Fire      ######..     2%          3    None
d - Sticky Flame          Conj/Fire      ######..     4%          4    ###....
e - Fireball              Conj/Fire      ######....   10%         5    #####..
f - Inner Flame           Hex/Fire       #####...     8%          3    None

Your spell library contained the following spells:

 Spells                   Type           Power        Failure   Level  Hunger
 Magic Dart               Conj           ####         1%          1    None
 Mephitic Cloud           Conj/Pois/Air  ####....     16%         3    None
 Blink                    Tloc           N/A          24%         2    None
 Call Imp                 Summ           ##......     24%         2    None
 Slow                     Hex            ##......     24%         2    None


Dungeon Overview and Level Annotations

Branches:
Dungeon (1/1)

Altars:
Dithmenos
Elyvilon
Kikubaaqudgha
Okawaru
Ru
Sif Muna
Trog
Uskayaw
Vehumet
Wu Jian
Yredelemnul
Zin
The Shining One
Beogh

Annotations:
D Snorg


Innate Abilities, Weirdness & Mutations

Your mind is acute. (Int +2)
Your flesh is heat resistant. (rF+)
Your spells are harder to cast, but more powerful.


Message History

Confirm with . or Enter, or press ? or * to list all spells.
Aiming: Fireball (slightly dangerous; 10% risk of failure)
Press: ? - help, Shift-Dir - straight line, f/p - Snorg
Aim: Snorg (moderately wounded, berserk, fast, unusually strong) That beam is likely to hit you.
Continue anyway?
Okay, then.
Casting: Fireball (slightly dangerous; 10% risk of failure)
Confirm with . or Enter, or press ? or * to list all spells.
Aiming: Sticky Flame (safe; 4% risk of failure)
Press: ? - help, Shift-Dir - straight line, f/p - Snorg
Aim: Snorg (moderately wounded, berserk, fast, unusually strong)
The sticky flame hits Snorg.
Snorg is heavily wounded.
Snorg is covered in liquid flames!
Snorg burns!
Snorg barely misses you. Snorg claws you!
* * * LOW HITPOINT WARNING * * *
Snorg claws you!
* * * LOW HITPOINT WARNING * * *
Snorg bites you!
You die...

.#..###'#'###)##
'#..#..........#
#...'.⌠........#
#...#...######'#
....#.⌠.#
#...#+#####
....#...#
#...#§§≈§≈+
)...#)###
#...#§#§≈§#
....#...#
#...'T#.§§#
....#___#
+...#@#§§§#
▓▓▓▓▓▓▓▓▓
▓▓▓▓▓▓▓▓▓▓


You could see Snorg (berserk).

Vanquished Creatures
  A deep elf mage (D)
  A shadow (D)
  A necrophage (D)
  A water elemental (D)
  A scorpion (D)
  A jelly (D)
  A wizard (D)
  A necromancer (D)
  3 humans (D)
  A kobold demonologist (D)
  An ooze (D)
  3 rats (D)
16 creatures vanquished.

Vanquished Creatures (others)
  2 draconian scorchers (D)
  6 hellions (D)
  3 yaktaurs (D)
11 creatures vanquished.

Grand Total: 27 creatures vanquished

Notes
Turn   | Place    | Note
-------+----------+-------------------------------------------
     0 | D        | MuseOD the Hill Orc Fire Elementalist began the quest for
                  | the Orb.
     0 | D        | Reached XP level 1. HP: 14/14 MP: 3/3
    65 | D        | Killed a hellion
    66 | D        | Killed a hellion
    92 | D        | Killed a hellion
   116 | D        | Killed a hellion
   117 | D        | Killed a hellion
   117 | D        | Killed a hellion
   151 | D        | Reached XP level 2. HP: 20/20 MP: 1/5
   155 | D        | Learned a level 2 spell: Throw Flame
   157 | D        | Killed a white draconian scorcher
   184 | D        | Killed a white draconian scorcher
   256 | D        | Killed a yaktaur
   272 | D        | Reached XP level 3. HP: 12/26 MP: 0/8
   277 | D        | Learned a level 3 spell: Conjure Flame
   295 | D        | Killed a yaktaur
   379 | D        | Killed a yaktaur
   469 | D        | Noticed a scorpion
   495 | D        | HP: 1/26 [scorpion (2)]
   497 | D        | Killed a scorpion
   497 | D        | Reached skill level 5 in Spellcasting
   497 | D        | Reached XP level 4. HP: 1/33 MP: 0/11
   790 | D        | Learned a level 4 spell: Sticky Flame
   821 | D        | Gained mutation: Your flesh is heat resistant. (rF+)
                  | [potion of mutation]
   821 | D        | Gained mutation: Your mind is acute. (Int +2) [potion of
                  | mutation]
   821 | D        | Gained mutation: Your spells are a little harder to cast,
                  | but a little more powerful. [potion of mutation]
   821 | D        | Gained mutation: Your spells are harder to cast, but more
                  | powerful. [potion of mutation]
   827 | D        | Noticed a water elemental
   842 | D        | Killed a water elemental
   842 | D        | Reached skill level 5 in Fire Magic
   842 | D        | Reached XP level 5. HP: 28/38 MP: 1/13
   932 | D        | Learned a level 5 spell: Fireball
   953 | D        | Found a basalt altar of Yredelemnul.
   953 | D        | Found a shadowy altar of Dithmenos.
   953 | D        | Found a sacrificial altar of Ru.
   953 | D        | Noticed a necrophage
   962 | D        | Killed a necrophage
   962 | D        | Reached skill level 5 in Conjurations
   962 | D        | Reached skill level 6 in Fire Magic
   962 | D        | Reached XP level 6. HP: 25/45 MP: 6/16
  1100 | D        | Found a glowing silver altar of Zin.
  1100 | D        | Found a glowing golden altar of the Shining One.
  1100 | D        | Found a white marble altar of Elyvilon.
  1101 | D        | Noticed a deep elf mage
  1112 | D        | Killed a deep elf mage
  1112 | D        | Reached skill level 9 in Fire Magic
  1112 | D        | Reached XP level 7. HP: 50/50 MP: 8/18
  1175 | D        | Found a hide-covered altar of Uskayaw.
  1175 | D        | Found a roughly hewn altar of Beogh.
  1175 | D        | Found an iron altar of Okawaru.
  1175 | D        | Found a bloodstained altar of Trog.
  1175 | D        | Found an ornate altar of the Wu Jian Council.
  1175 | D        | Noticed a human
  1175 | D        | Noticed a human
  1179 | D        | Became a worshipper of Beogh the Brigand
  1196 | D        | Killed a human
  1196 | D        | Reached skill level 10 in Fire Magic
  1200 | D        | Killed a human
  1200 | D        | Reached XP level 8. HP: 15/57 MP: 6/21
  1421 | D        | Learned a level 3 spell: Inner Flame
  1424 | D        | Found a radiant altar of Vehumet.
  1425 | D        | Reached * piety under Beogh
  1430 | D        | Found a deep blue altar of Sif Muna.
  1430 | D        | Found an ancient bone altar of Kikubaaqudgha.
  1484 | D        | Noticed a shadow
  1491 | D        | Killed a shadow
  1491 | D        | Reached ** piety under Beogh
  1615 | D        | Noticed Snorg
  1622 | D        | Mangled by Snorg

Skill      XL: |  1  2  3  4  5  6  7 |
---------------+----------------------+-----
Dodging        | 2 |  2.0
Stealth        | 2 |  2.1
Spellcasting   | 2 3 5 6 7 8 9 |  9.2
Conjurations   | 3 5 8 9 |  9.4
Fire Magic     | 5 6 9 10 | 10.7

Action                   |  1- 3 |  4- 6 |  7- 9 || total
-------------------------+-------+-------+-------++-------
Melee: Unarmed           |    11 |       |     1 ||    12
 Cast: Flame Tongue      |    23 |     1 |     5 ||    29
       Sticky Flame      |       |     4 |    10 ||    14
       Conjure Flame     |       |       |     2 ||     2
       Fireball          |       |       |     1 ||     1
  Use: Potion            |     1 |     1 |     1 ||     3
  Eat: Chunk             |       |       |     3 ||     3
Armor: Robe              |       |     2 |     1 ||     3
Dodge: Dodged            |    18 |     3 |    10 ||    31
